Map: Dash and Terminal LE (Void)

Players

wabbajack - Winner!

  • Race: Zerg Zerg
  • League: Grandmaster

poizon

  • Race: Protoss Protoss

VOD

Have the link to the VOD?

Description

Time

  • Played on: July 14, 2015, 1:34 p.m.
  • Length: 5:42
Show
View Real Time Build Order
Export as new Build Order

wabbajack Zerg - Winner!

Build Orders: Pool First 

Get SALT Encoding   

  12  0:01  Drone  
  13  0:15  Drone  
  13  0:20  Extractor  
  13  0:22  Extractor  
  13  0:24  Drone  
  13  0:25  Drone  
  16  0:33  Overlord  
  16  0:46  Spawning Pool  
  15  0:53  Extractor  
  15  0:54  Drone x2, Extractor  
  16  1:05  Drone  
  17  1:23  Hatchery  
  16  1:36  Queen  
  16  1:38  Drone  
  19  1:42  Drone  
  20  2:04  Metabolic Boost  
  20  2:09  Drone  
  20  2:10  Drone  
  22  2:31  Overlord  
  22  2:36  Roach Warren  
  21  2:47  Queen  
  23  2:54  Drone x3  
  23  2:55  Drone x3  
  23  2:56  Drone  
  30  2:59  Overlord  
  30  3:05  Overlord  
  29  3:34  Roach  
  29  3:35  Roach x4  
  29  3:39  Roach x3  
  45  3:43  Overlord  
  45  4:00  Roach  
  45  4:01  Roach x2  
  51  4:13  Overlord  
  51  4:14  Zergling x2  
  51  4:15  Zergling x10  
  57  4:18  Zergling x2  
  56  4:49  Zergling x2  
  56  4:50  Zergling x18  
  66  4:54  Overlord  
  66  5:04  Spine Crawler  
  65  5:14  Zergling x2  
  65  5:15  Zergling x10  
Show
View Real Time Build Order
Export as new Build Order

poizon Protoss 

Build Orders: 1 Gate Expand 

Get SALT Encoding   

  12  0:04  Probe  
  13  0:15  Pylon  
  13  0:22  Probe  
  14  0:34  Gateway  
  14  0:35  Probe (Chrono Boost)  
  15  0:47  Probe (Chrono Boost)  
  16  1:09  Nexus  
  16  1:13  Assimilator  
  16  1:24  Cybernetics Core  
  16  1:28  Probe (Chrono Boost)  
  17  1:39  Probe (Chrono Boost)  
  18  1:43  Assimilator  
  18  1:45  Probe (Chrono Boost)  
  20  1:55  Probe (Chrono Boost)  
  20  2:02  Probe  
  21  2:13  Pylon  
  21  2:25  Mothership Core (Chrono Boost)  
  22  2:34  Gateway  
  22  2:35  Adept  
  25  2:37  Probe (Chrono Boost)  
  25  2:41  Probe (Chrono Boost)  
  28  2:51  Probe (Chrono Boost)  
  28  2:54  Probe (Chrono Boost)  
  28  2:58  Gateway  
  28  3:03  Probe (Chrono Boost)  
  28  3:04  Probe (Chrono Boost)  
  30  3:07  Adept  
  30  3:10  Warp Gate  
  33  3:13  Probe (Chrono Boost)  
  34  3:27  Probe (Chrono Boost)  
  34  3:29  Probe (Chrono Boost)  
  34  3:31  Gateway  
  35  3:36  Pylon  
  35  3:38  Probe (Chrono Boost)  
  36  3:42  Adept  
  36  3:45  Adept  
  41  3:48  Probe (Chrono Boost)  
  41  3:53  Pylon  
  42  3:55  Probe (Chrono Boost)  
  42  4:00  Probe (Chrono Boost)  
  43  4:06  Probe (Chrono Boost)  
  43  4:09  Probe (Chrono Boost)  
  45  4:14  Probe (Chrono Boost)  
  46  4:21  Probe (Chrono Boost)  
  46  4:22  Probe (Chrono Boost)  
  46  4:23  Robotics Facility  
  46  4:45  Probe  
  46  4:46  Probe  
  46  4:48  Assimilator x2  
  48  4:58  Robotics Facility  
  48  4:59  Pylon  
  48  5:12  Nexus  
  48  5:14  Pylon  
  48  5:15  Gateway  
  48  5:18  Sentry x3, Gateway  
Tags
 
Add a new tag
Caveats
  • Supply blocks, unpowered buildings, or Contaminate may cause inaccurate times.
  • Supply counts are checked every 10 seconds.